blarghy, lawful female human Samurai --- .G..- ..G...- ...@.... ......... ....).... ......... ..<..... .--$-- --- blarghy the Ronin Experience level: 5 Strength: 18 Dexterity: 13 Constitution: 17 Intelligence: 10 Wisdom: 10 Charisma: 7 Health: 0(53) Energy: 12(12) Def: 6 Gold: 0 Moves: 1295 Dungeon seed: R74XIvTnZuwfhxLo Game ID: blarghy_1466055574 Your Inventory: Weapons a - a corroded +0 katana (weapon in hand) b - a +0 wakizashi (alternate weapon; not wielded) c - a +0 yumi d - 34 +0 ya (in quiver) Armor e - an uncursed rustproof +0 splint mail (being worn) y - a blessed +0 pair of gauntlets of dexterity Y - an uncursed +0 orcish helm Comestibles g - an uncursed slime mold k - an uncursed eucalyptus leaf p - an uncursed sprig of wolfsbane r - an uncursed gunyoki Scrolls i - an uncursed scroll of magic mapping l - an uncursed scroll of light m - a blessed scroll of amnesia Rings f - an uncursed ring of levitation Tools h - an uncursed leash o - an uncursed magic whistle s - 2 uncursed tallow candles (0:200) t - a +0 pick-axe v - an uncursed brass lantern (lit) (0:1020) Gems n - 2 uncursed fluorite stones q - an uncursed worthless piece of orange glass z - an uncursed worthless piece of green glass N - 2 uncursed worthless pieces of yellow glass Spells and supernatural/magical abilities: Name Level Category Fail Memory W - pray for help -- divine ? -- Your skills at the end: Fighting Skills martial arts [Basic] wands [Basic] Weapon Skills short sword [Basic] long sword [Basic] bow [Basic] Spellcasting Skills Final Attributes: You were piously aligned. You were fast. You are dead. Vanquished creatures: a bugbear 3 gnome lords a red naga hatchling 2 giant ants a little dog 2 dwarves 2 hill orcs a rothe a centipede 3 dwarf zombies an iguana 2 manes a giant rat a cave spider a green mold 10 gnomes 2 garter snakes a gnome zombie 4 jackals a fox a kobold a goblin a sewer rat a grid bug 4 lichens 3 newts 52 creatures vanquished. Voluntary challenges: You were an atheist. You used a wielded weapon 77 times, starting on turn 50. You read items or engraved 17 times, starting on turn 1216. You never genocided any monsters. You never polymorphed an object. You never changed form. You used no wishes. You never split a pudding. You wrote Elbereth's name 15 times, starting on turn 1216. You never violated your personal moral code. Dungeon overview: The Dungeons of Doom: levels 1 to 3 Level 1 a long staircase Level 2 some fountains Level 3 stairs to The Gnomish Mines The Gnomish Mines: levels 4 to 5 Level 4 stairs to The Dungeons of Doom Level 5 <- You were here History has recorded: On T:1 you entered the Dungeons of Doom to retrieve the Amulet of Yendor! On T:312 you reached level 2 of The Dungeons of Doom. On T:467 you advanced to experience level 2. On T:526 you reached level 3 of The Dungeons of Doom. On T:775 you advanced to experience level 3. On T:848 you reached level 1 of The Gnomish Mines. On T:969 you advanced to experience level 4. On T:1107 you advanced to experience level 5. On T:1207 you reached level 2 of The Gnomish Mines. Score breakdown: Gold: 0 ( 0 points) Experience: 5 levels (11141 points) Exploration: 5 levels ( 10.00%) ( 8571 points) Discoveries: 3 items ( 1.20%) ( 3292 points) Valuables value: (no points given unless you survive) Artifact value: 0 ( 0 points) Variety of kills: 26 monsters ( 6.79%) ( 7816 points) Turncount: 1295 turns ( 0 points) Survival: died (score multiplied by 80%) Total score: 24656 Latest messages: You hit the leprechaun! You miss wildly and stumble forwards. (2x) Something is written here in the dust. You read: "?? E b? ?". The leprechaun escapes downstairs! Something is written here in the dust. You read: "? b ?? ?e r". You see here 234 gold pieces. Your lamp is now on. You hit the gnome. The gnome swings his crossbow. The gnome hits! You kill the gnome! There are a few objects here. You kill the gnome! The gnome lord misses. You hit the gnome lord! The gnome lord hits! You die... Final status: Sayonara blarghy the Samurai, killed by a gnome lord... You died in The Gnomish Mines on dungeon level 5 with 24656 points, and 0 pieces of gold, after 1295 moves. You were level 5 with a maximum of 53 hit points when you died.